 Dungeon Crawl Stone Soup version 0.32-a0-656-g3542139ebd (webtiles) character file.

Game seed: 17753697120098783565

1236 BubbleThief the Trooper (level 8, 0/68 HPs)
             Began as a Formicid Fighter on Mar 8, 2024.
             Slain by a gnoll
             ... wielding a +0 spear
             ... led by a gnoll bouda
              (3 damage)
             ... on level 5 of the Dungeon.
             The game lasted 00:07:11 (5343 turns).

BubbleThief the Trooper (Formicid Fighter)          Turns: 5343, Time: 00:07:12

Health: 0/68       AC: 15    Str: 22    XL:     8   Next: 78%
Magic:  8/8        EV:  6    Int: 15    God:
Gold:   307        SH:  5    Dex: 13    Spells: 7/7 levels left

rFire   . . .        u - +0 war axe (drain)
rCold   . . .        c - +0 buckler
rNeg    + . .        z - +0 plate armour
rPois   .            (helmet unavailable)
rElec   .            e - +0 cloak
rCorr   .            m - +0 pair of gloves
SInv    +            h - +0 pair of boots
Will    .....        (no amulet) Stlth
                     t - +6 ring of intelligence
HPRegen 0.31/turn    a - ring of positive energy
MPRegen 0.11/turn

%: no passive effects
@: no status effects
A: permanent stasis, dig shafts and tunnels, antennae 3, four strong arms
a: Dig, Shaft Self


You were on level 5 of the Dungeon.
You visited 1 branch of the dungeon, and saw 5 of its levels.

You collected 307 gold pieces.

Inventory:

Hand Weapons
 u - a +0 war axe of draining (weapon)
Armour
 c - a +0 buckler (worn)
 e - a +0 cloak (worn)
 h - a +0 pair of boots (worn)
 m - a +0 pair of gloves (worn)
 z - a +0 plate armour (worn)
Jewellery
 a - a ring of positive energy (right hand)
 t - a +6 ring of intelligence (left hand)
Wands
 q - a wand of iceblast (9)
Scrolls
 b - a scroll of silence {unknown}
 g - a scroll of enchant weapon {unknown}
 i - 4 scrolls of identify {unknown}
 k - a scroll of fog {unknown}
 n - 3 scrolls of teleportation {unknown}
 p - 2 scrolls of fear {unknown}
 r - 2 scrolls of torment {unknown}
 v - a scroll of butterflies {unknown}
 w - a scroll of revelation {unknown}
 y - 3 scrolls of amnesia {unknown}
Potions
 d - 2 potions of might
 f - 2 potions of curing {unknown}
 j - a potion of lignification {unknown}
 l - a potion of cancellation {unknown}
 o - a potion of attraction {unknown}
 s - 2 potions of experience {unknown}
 x - a potion of heal wounds {unknown}


   Skills:
 + Level 7.9 Fighting
 + Level 6.8 Axes
 + Level 5.0 Armour
 - Level 4.0 Shields


You had 7 spell levels left.
You didn't know any spells.
Your spell library was empty.

Dungeon Overview and Level Annotations

Branches:
Dungeon (5/15)
 Temple: D:4-7

Altars:
Dithmenos
Trog
Xom

Shops:
D:5 ::

Annotations:
D:5 Eustachio


Innate Abilities, Weirdness & Mutations

You cannot be hasted, slowed, berserked, paralysed or teleported.
You can dig through walls and to a lower floor.
You have a pair of large antennae on your head. (SInv)
Your four strong arms can wield two-handed weapons with a shield.


Message History

Press: ? - help, v - describe, . - travel, g - get item
Here: Eustachio, wielding a +0 rapier and wearing a +0 leather armour (heavily wounded)
Items here: a +0 club; a +0 halberd; a hound corpse.
The floor, spattered with blood.
Unknown command.
You hit Eustachio but do no damage.
Eustachio is heavily wounded.
You slash the shadow imp!
You kill the shadow imp!
The shadow imp disappears in a puff of smoke!
You closely miss the bat. You slash the rat!
You kill the rat!
The rat's corpse disappears in a puff of smoke!
The bat disappears in a puff of smoke!
You block the bat's attack. The bat hits you but does no damage.
The gnoll hits you but does no damage. You block Eustachio's attack.
The white imp hits you.
* * * LOW HITPOINT WARNING * * *
The white imp freezes you.
* * * LOW HITPOINT WARNING * * *
The gnoll hits you but does no damage.
Unknown command.
You closely miss Eustachio.
Eustachio is heavily wounded.
You barely miss the white imp. You barely miss the bat.
The bat hits you but does no damage. x2; Eustachio hits you but does no damage.
The gnoll barely misses you. The white imp hits you.
* * * LOW HITPOINT WARNING * * *
The white imp freezes you.
* * * LOW HITPOINT WARNING * * *
Unknown command.
You barely miss Eustachio.
Eustachio is heavily wounded.
You hit the bat but do no damage. You drain the bat.
You kill the bat!
The bat's corpse disappears in a puff of smoke!
You barely miss the white imp. The bat hits you but does no damage.
You block the bat's attack. Eustachio hits you but does no damage.
The white imp hits you but does no damage.
The gnoll hits you from afar with a +0 spear.
You die...

#.....#. #########.###.
#####....####.# #.
+........'..#.# ##
..###....##.#.# #.#
#....##.#.# ..# ##.#
#....##.#.#
.....##5.###....##.#.#
......r@@b.#....##.#.#
$.....g##ยง......##.#.#
.._...# ##......##[#.#
......, #..#.#####.#.#
..... ....#.# #.#(#
..... #..###.# #...#
..#[, ##. ..# #####
.### #. .## #


You could see Eustachio, a gnoll (swift), a white imp (summoned), a bat
(summoned) and a rat (summoned).

Vanquished Creatures
  Pikel (D:5)
  4 lemures (D:5)
  A kobold brigand (D:3)
  A scorpion (D:5)
  2 howler monkeys (D:3)
  2 hounds
  A bombardier beetle (D:5)
  A gnoll bouda (D:5)
  Terence (D:2)
  An iguana (D:5)
  24 gnolls
  6 adders
  3 dart slugs
  3 ribbon worms
  25 orcs
  4 ball pythons
  7 endoplasms
  2 giant cockroaches (D:1)
  7 goblins
  5 hobgoblins
  16 jackals
  4 kobolds
  3 quokkas
  5 bats
  4 frilled lizards
  4 rats
137 creatures vanquished.

Notes
Turn   | Place    | Note
-------+----------+-------------------------------------------
     0 | D:1      | BubbleThief the Formicid Fighter began the quest for the
                  | Orb.
     0 | D:1      | Reached XP level 1. HP: 18/18 MP: 1/1
   115 | D:1      | Reached XP level 2. HP: 19/24 MP: 2/2
   298 | D:1      | Reached XP level 3. HP: 21/30 MP: 3/3
   792 | D:1      | Reached skill level 4 in Fighting
  1024 | D:2      | Found a shimmering altar of Xom.
  1408 | D:2      | Noticed Terence
  1416 | D:2      | Killed Terence
  1417 | D:2      | Reached XP level 4. HP: 38/38 MP: 4/4
  1671 | D:2      | Reached XP level 5. HP: 37/43 MP: 5/5
  1958 | D:3      | Found a bloodstained altar of Trog.
  2087 | D:3      | Reached skill level 5 in Fighting
  2170 | D:3      | Reached XP level 6. HP: 42/51 MP: 6/6
  3089 | D:3      | Reached skill level 6 in Fighting
  3092 | D:3      | Reached skill level 5 in Axes
  3119 | D:3      | Reached XP level 7. HP: 40/58 MP: 7/7
  3307 | D:3      | Identified the staff "Rikh" {+Blink rN+ Dex-2 Necro Fire}
  3879 | D:4      | Identified the +8 spear "Zikum" {heavy, Int+5}
  4662 | D:5      | Entered Level 5 of the Dungeon
  4777 | D:5      | Noticed Pikel
  4966 | D:5      | Killed Pikel
  4967 | D:5      | Reached skill level 7 in Fighting
  4967 | D:5      | Reached XP level 8. HP: 46/68 MP: 8/8
  5074 | D:5      | Found Honeom's Tremendous Tomes.
  5142 | D:5      | Found Cecut's Book Shop.
  5316 | D:5      | Found a shadowy altar of Dithmenos.
  5321 | D:5      | Noticed Eustachio
  5334 | D:5      | Reached skill level 5 in Armour
  5342 | D:5      | HP: 2/68 [white imp[Eustachio] (2)]
  5343 | D:5      | Slain by a gnoll

Illustrated notes

Levels and vault maps discovered:
D:1:      dpeg_arrival_tiny_i, layout_basic
D:2:      minmay_razor_zed, layout_basic, basic_altar,
          kennysheep_generic_room_7, uniq_terence
D:3:      lemuel_castle_with_subvaults [lemuel_castle_interior_original],
          layout_basic, trog_three_pillars_becter
D:4:      layout_layer_cave
D:5:      layout_basic, nicolae_dithmenos_shadow_blocks, serial_shops, shop,
          nicolae_shop_i_like_big_books, uniq_eustachio, uniq_pikel

Skill      XL: |  1  2  3  4  5  6  7  8 |
---------------+-------------------------+-----
Fighting       | 4 5 6 7 |  7.9
Axes           | 3 4 5 6 |  6.8
Armour         | 4 5 |  5.0
Shields        | |  4.0

Action                     |  1- 3 |  4- 6 |  7- 9 || total
---------------------------+-------+-------+-------++-------
  Melee: War axe           |    83 |   165 |   189 ||   437
 Armour: Scale mail        |    58 |   130 |    87 ||   275
         Plate armour      |       |       |    75 ||    75
  Dodge: Dodged            |    40 |   110 |    71 ||   221
  Block: Buckler           |    18 |    61 |    54 ||   133

Table legend: (Time is in decaauts)
 A = Elapsed time spent in this place.
 B = Non-inter-level travel time spent in this place.
 C = Inter-level travel time spent in this place.
 D = Time resting spent in this place.
 E = Time spent auto-exploring this place.
 F = Levels seen in this place.
 G = Mean time per level.
                   A        B        C        D        E       F      G
               +--------+--------+--------+--------+--------+-----+--------+
         Total |   5472 |   5416 |     56 |    127 |   4151 |   5 | 1094.4 |
       Dungeon |   5472 |   5416 |     56 |    127 |   4151 |   5 | 1094.4 |
               +--------+--------+--------+--------+--------+-----+--------+

Top non-repeatable levels by time:
     D:3: 1411 daAuts
     D:4: 1345 daAuts
     D:2: 1021 daAuts
     D:1: 985 daAuts
     D:5: 708 daAuts
